 Dungeon Crawl Stone Soup version 0.27.1-34-g3ba077fa99 (webtiles) character file.

Game seed: 9226256622825859798

112 Descartes the Grasshopper (level 5, 0/38 HPs)
             Began as a Formicid Warper on Jan 22, 2022.
             Slain by Ijyb (1 damage)
             ... on level 3 of the Dungeon.
             The game lasted 00:03:19 (2600 turns).

Descartes the Grasshopper (Formicid Warper)         Turns: 2600, Time: 00:03:20

Health: 0/38       AC:  9    Str: 14 (16) XL:     5   Next: 16%
Magic:  8/8        EV:  6    Int: 10 (13) God:
Gold:   93         SH:  0    Dex:  9 (10) Spells: 8/8 levels left

rFire    . . .     SeeInvis +   a - +0 mace
rCold    . . .     Faith    .   (no shield)
rNeg     . . .     Spirit   .   d - +0 chain mail
rPois    .         Reflect  .   (helmet unavailable)
rElec    .         Harm     .   (no cloak)
rCorr    .         Rampage  .   (no gloves)
Will     .....                  (no boots)
Stlth    ..........             (no amulet)
HPRegen  0.12/turn              (no ring)
MPRegen  0.11/turn              (no ring)

@: no status effects
A: permanent stasis, dig shafts and tunnels, antennae 3, four strong arms
a: Dig, Shaft Self


You were on level 3 of the Dungeon.
You visited 1 branch of the dungeon, and saw 3 of its levels.

You collected 93 gold pieces.

Inventory:

Hand Weapons
 a - a +0 mace (weapon)
Missiles
 c - 5 boomerangs of dispersal (quivered)
 i - 13 poisoned darts
 j - 42 stones
 l - 5 boomerangs
Armour
 d - a +0 chain mail (worn)
Scrolls
 b - a scroll of enchant armour {unknown}
 e - a scroll of teleportation {unknown}
 f - 3 scrolls of identify {unknown}
 h - a scroll of fog {unknown}
 k - a scroll of magic mapping {unknown}


   Skills:
 - Level 2.1 Fighting
 - Level 2.0 Maces & Flails
 - Level 1.0 Throwing
 + Level 3.5 Armour
 - Level 1.7 Dodging
 - Level 2.1 Spellcasting
 + Level 4.0 Translocations


You had 8 spell levels left.
You didn't know any spells.
Your spell library contained the following spells:

 Spells                   Type           Power      Damage    Failure   Level
 Gell's Gravitas          Tloc           4%         N/A       99%         3
 Lesser Beckoning         Tloc           4%         N/A       99%         3
 Teleport Other           Tloc           9%         N/A       99%         3
 Manifold Assault         Tloc           9%         N/A       100%        5
 Blink                    Tloc           Unusable   N/A       N/A         2

Dungeon Overview and Level Annotations

Branches:
Dungeon (3/15)

Altars:
Makhleb
Sif Muna

Shops:
D:1 :

Annotations:
D:3 Ijyb, Sigmund


Innate Abilities, Weirdness & Mutations

You cannot be hasted, slowed, berserked, paralysed or teleported.
You can dig through walls and to a lower floor.
You have a pair of large antennae on your head. (SInv)
Your four strong arms can wield two-handed weapons with a shield.


Message History

The adder bites you but does no damage.
You hit the adder.
The adder is heavily wounded.
The adder bites you but does no damage.
You sock the adder!
You kill the adder!
A quokka comes into view.
Your Translocations skill increases to level 4!
A rat, a hobgoblin and Sigmund come into view.
Sigmund shouts!
The hobgoblin shouts!
Ijyb zaps a wand.
Your mind is blasted!
Things that are here:
a +0 club; an adder corpse; a goblin corpse Ijyb hits you with a +3 club.
The quokka bites you but does no damage.
You closely miss Ijyb. The quokka bites you. Ijyb hits you but does no damage.
The quokka bites you but does no damage.
You hit Ijyb but do no damage. Ijyb hits you with a +3 club.
Sigmund closely misses you.
The quokka bites you but does no damage.
Ijyb hits you with a +3 club.
You closely miss Ijyb.
The hobgoblin hits you but does no damage.
The quokka bites you but does no damage.
Sigmund hits you from afar with a +0 scythe!
* * * LOW HITPOINT WARNING * * *
Ijyb zaps a wand.
Your mind is blasted!
* * * LOW HITPOINT WARNING * * *
The hobgoblin hits you but does no damage.
The quokka barely misses you.
It was a potion of degeneration.
There was something very wrong with that liquid.
You feel weakened.
You feel dopey.
You feel clumsy.
Ijyb zaps a wand.
You struggle to resist.
The quokka barely misses you.
The hobgoblin hits you but does no damage.
Sigmund barely misses you.
Are you sure you want to shaft yourself?
The quokka bites you but does no damage.
Ijyb hits you with a +3 club.
You die...

..........................
........#####.#.......####
#######.## #.#.......#
#........# #.#.......#
#......#.# #.#.......# ##
#......#.####.######### #.
...........##.# #.
######.##).##.### #.
#...rg@....... #.
#....rg..#=.#. #.
+...@...#..#.. #.
#.........#... #.
.......#..#. #. #. #......
.#. # #. #...... ...# #.
#.##### .^#. ##


You could see Sigmund, Ijyb, a quokka, a hobgoblin and a rat.

Vanquished Creatures
  3 gnolls (D:1)
  3 adders
  3 dart slugs (D:1)
  An orc (D:3)
  4 ball pythons
  5 endoplasms (D:1)
  2 giant cockroaches (D:2)
  8 goblins
  4 hobgoblins (D:1)
  A quokka (D:1)
  2 bats (D:1)
  A frilled lizard (D:3)
  5 kobolds
  6 rats
48 creatures vanquished.

Notes
Turn   | Place    | Note
-------+----------+-------------------------------------------
     0 | D:1      | Descartes the Formicid Warper began the quest for the Orb.
     0 | D:1      | Reached XP level 1. HP: 16/16 MP: 3/3
   145 | D:1      | Reached XP level 2. HP: 22/22 MP: 5/5
   189 | D:1      | Reached skill level 3 in Translocations
   382 | D:1      | Found Inaguug's Book Shoppe.
   460 | D:1      | Reached XP level 3. HP: 23/27 MP: 6/6
  1396 | D:1      | Reached XP level 4. HP: 13/33 MP: 7/7
  1659 | D:2      | Found a burning altar of Makhleb.
  1668 | D:2      | Found a faded altar of an unknown god.
  1680 | D:2      | Became a worshipper of Sif Muna the Loreminder
  1680 | D:2      | Reached * piety under Sif Muna
  1682 | D:2      | Fell from the grace of Sif Muna
  2393 | D:3      | Reached XP level 5. HP: 31/38 MP: 8/8
  2588 | D:3      | Noticed Ijyb
  2594 | D:3      | Reached skill level 4 in Translocations
  2594 | D:3      | Noticed Sigmund
  2598 | D:3      | HP: 1/38 [disintegration (9)]
  2600 | D:3      | Slain by Ijyb

Illustrated notes

Levels and vault maps discovered:
D:1:      tarquinn_simple_flora_water_a, layout_basic, serial_shops,
          nicolae_shop_statue_plus, minmay_quantized
D:2:      layout_loops_cross, basic_altar, ebering_ecumenical_altar_box,
          minmay_tetromino_t2
D:3:      layout_basic, cheibriados_altar_1,
          nicolae_ru_great_annihilating_truth, minmay_misc_feat_diagonals,
          uniq_ijyb, uniq_jessica, uniq_sigmund, uniq_robin

Skill      XL: |  1  2  3  4  5 |
---------------+----------------+-----
Translocations | 3 4 |  4.0
Armour         | 2 3 |  3.5
Fighting       | |  2.1
Maces & Flails | |  2.0
Throwing       | |  1.0
Dodging        | |  1.7
Spellcasting   | |  2.1

Action                   |  1- 3 |  4- 6 || total
-------------------------+-------+-------++-------
Melee: Mace              |    74 |    68 ||   142
Invok: Renounce Religion |       |     1 ||     1
 Abil: Dig               |     1 |       ||     1
       Shaft Self        |       |     1 ||     1
  Use: Potion            |     2 |     1 ||     3
Armor: Chain mail        |    27 |    58 ||    85
       Leather armour    |     3 |       ||     3
       Skin              |     4 |       ||     4
Dodge: Dodged            |    21 |    30 ||    51
